 Dungeon Crawl Stone Soup version 0.21-a0-538-gd16b88a (webtiles) character file.

7839 mortelune the Thaumaturge (level 11, -5/53 (54) HPs)
             Began as a Deep Elf Fire Elementalist on Dec 16, 2017.
             Was a Follower of Vehumet.
             Slain by an eight-headed hydra (8 damage)
             ... on level 8 of the Dungeon.
             The game lasted 00:43:23 (12059 turns).

mortelune the Thaumaturge (DEFE)                   Turns: 12059, Time: 00:43:23

HP:   -5/53 (54)    AC: 10    Str:  6    XL:     11   Next: 2%
MP:   15/28         EV: 19    Int: 23    God:    Vehumet [*.....]
Gold: 294           SH:  0    Dex: 20    Spells: 12/32 levels left

rFire    . . .     SeeInvis .   h - +0 whip (venom)
rCold    + . .     Gourm    .   (no shield)
rNeg     . . .     Faith    .   u - +1 robe of Noof {Dex+5}
rPois    .         Spirit   .   C - +1 hat
rElec    .         Reflect  .   x - +2 cloak
rCorr    .         Harm     .   E - +0 pair of gloves
MR       +....                  D - +0 pair of boots
Stlth    ++........             i - amulet of magic regeneration
HPRegen  0.17/turn              n - ring of protection from cold
MPRegen  0.46/turn              t - +1 ring of protection

@: drained
A: no striking features
a: Renounce Religion


You were on level 8 of the Dungeon.
You worshipped Vehumet.
Vehumet was aware of your devotion.
You were very hungry.

You visited 2 branches of the dungeon, and saw 11 of its levels.

You collected 590 gold pieces.
You spent 296 gold pieces at shops.

Inventory:

Hand Weapons
 f - a +0 halberd
 h - a +0 whip of venom (weapon)
 q - a +0 club
Missiles
 p - a throwing net (quivered)
Armour
 a - a +0 troll leather armour
 d - a +0 leather armour
 g - the +1 cloak "Meghopn" {rC- rN+++ Int-5 Slay+6}
   (You found it on level 8 of the Dungeon)

   It affects your intelligence (-5).
   It affects your accuracy and damage with ranged weapons and melee attacks
   (+6).
   It makes you vulnerable to cold.
   It renders you almost immune to negative energy.
 o - a cursed +0 ring mail
 u - the +1 robe of Noof (worn) {Dex+5}
   (You found it on level 5 of the Dungeon)

   It affects your dexterity (+5).
 x - a +2 cloak (worn)
 C - a +1 hat (worn)
 D - a +0 pair of boots (worn)
 E - a +0 pair of gloves (worn)
 F - a +1 cloak of poison resistance
Jewellery
 i - an amulet of magic regeneration (around neck)
 n - a ring of protection from cold (left hand)
 t - a +1 ring of protection (right hand)
Wands
 k - a wand of iceblast (11)
 s - a wand of random effects (30)
Scrolls
 j - 2 scrolls of magic mapping
 l - a scroll of enchant armour
 m - a scroll of random uselessness {unknown}
 w - a scroll of fog {unknown}
 y - 2 scrolls of enchant weapon {unknown}
 H - a scroll of amnesia
 K - a scroll of summoning {unknown}
 L - a scroll of identify
 N - a scroll of teleportation
Potions
 e - 4 potions of mutation
 r - 5 potions of flight
 v - a potion of cancellation {unknown}
 z - 2 potions of berserk rage {unknown}
 B - 2 potions of agility {unknown}
 G - 3 potions of ambrosia {unknown}
 I - 3 potions of curing
 J - a potion of invisibility {unknown}
Books
 b - a book of Flames

   Spells                             Type                      Level
   a - Flame Tongue                   Conjuration/Fire             1
   b - Throw Flame                    Conjuration/Fire             2
   c - Conjure Flame                  Conjuration/Fire             3
   d - Inner Flame                    Hexes/Fire                   3
   e - Sticky Flame                   Conjuration/Fire             4
   f - Fireball                       Conjuration/Fire             5
 M - a book of Minor Magic

   Spells                             Type                      Level
   a - Magic Dart                     Conjuration                  1
   b - Blink                          Translocation                2
   c - Call Imp                       Summoning                    2
   d - Slow                           Hexes                        2
   e - Conjure Flame                  Conjuration/Fire             3
   f - Mephitic Cloud                 Conjuration/Poison/Air       3
Comestibles
 c - 6 bread rations
 A - 5 meat rations


   Skills:
 + Level 9.4(8.8) Dodging
 - Level 2.4(1.9) Stealth
 + Level 11.3(10.7) Spellcasting
 + Level 10.2(9.6) Conjurations
 * Level 0.6(0.1) Translocations
 + Level 9.9(9.3) Fire Magic


You had 12 spell levels left.
You knew the following spells:

 Your Spells              Type           Power        Failure   Level  Hunger
a - Flame Tongue          Conj/Fire      #####        1%          1    None
b - Throw Flame           Conj/Fire      ######       1%          2    None
c - Conjure Flame         Conj/Fire      ######..     1%          3    None
d - Sticky Flame          Conj/Fire      ######..     1%          4    #......
e - Fireball              Conj/Fire      ######....   3%          5    ####...
f - Blink                 Tloc           N/A          8%          2    None
g - Inner Flame           Hex/Fire       ####....     2%          3    None


Dungeon Overview and Level Annotations

Branches:
Dungeon (10/15)            Temple (1/1) D:7             Orc (0/2) D:9
   Lair: D:8-11

Altars:
Ashenzari
Elyvilon
Fedhas
Kikubaaqudgha
Nemelex Xobeh
Okawaru
Ru
Trog
Vehumet
Wu Jian
Xom
Zin
The Shining One

Shops:
D:6 [   D:8 *

Annotations:
D:6 tidbits's ghost, amateur GnTm


Message History

The eight-headed hydra bites you.
The eight-headed hydra closely misses you.
The eight-headed hydra barely misses you.
The eight-headed hydra bites you!
Casting: Sticky Flame
Confirm with . or Enter, or press ? or * to list all spells.
Aiming: Sticky Flame
Press: ? - help, Shift-Dir - straight line, f/p - eight-headed hydra
Aim: an eight-headed hydra (flame, heavily wounded, covered in liquid flames)
The sticky flame hits the eight-headed hydra.
The eight-headed hydra is severely wounded.
The eight-headed hydra burns!
The eight-headed hydra is engulfed in blazing flames.
The eight-headed hydra bites you!
* * * LOW HITPOINT WARNING * * *
The eight-headed hydra bites you!
* * * LOW HITPOINT WARNING * * *
The eight-headed hydra closely misses you.
The eight-headed hydra bites you!
You die...

###.............#
######......###
#..##### ##.#
#.## ##..# #...#
#...## #.#.@# #
#.#..Do..... #
##..##......
..### #.## .....o
..... # .# ..o..
..... # .. .....
..... # ... ....
..... # ... ....
..... ## .....


You could see an eight-headed hydra (burning) and 3 orcs.

Vanquished Creatures
  Erica (D:8)
  A two-headed ogre (D:10)
  The ghost of Statics the Martial Artist, a novice OpTm of Cheibriados (D:7)
  Pikel (D:5)
  Maurice (D:9)
  Psyche (D:8)
  A troll (D:10)
  A hornet (D:9)
  A wyvern (D:7)
  11 yaks (D:9)
  A water moccasin (D:8)
  2 ice beasts
  3 slaves (D:5)
  3 sky beasts
  2 necrophages
  A phantom (D:4)
  3 ogres
  2 bullfrogs
  3 scorpions
  3 wights (D:9)
  5 crimson imps
  A quasit (D:9)
  A centaur skeleton (D:8)
  2 jellies (D:9)
  3 bullfrog skeletons
  3 hounds
  2 orc priests
  3 iguanas
  4 orc wizards
  8 worker ants
  A killer bee zombie (D:5)
  A hound zombie (D:5)
  3 worker ant zombies
  10 adders
  14 gnolls
  2 shadow imps
  2 adder zombies
  2 worms (D:3)
  2 dart slugs
  6 leopard geckos
  13 orcs
  2 ball pythons
  10 giant cockroaches
  9 goblins
  13 hobgoblins
  6 jackals
  6 quokkas
  A ball python skeleton (D:4)
  8 bats
  4 frilled lizards
  6 kobolds
  A leopard gecko zombie (D:9)
  11 rats
  2 toadstools (D:1)
210 creatures vanquished.

Vanquished Creatures (others)
  2 toadstools (D:1)
2 creatures vanquished.

Grand Total: 212 creatures vanquished

Notes
Turn   | Place    | Note
-------+----------+-------------------------------------------
     0 | D:1      | mortelune the Deep Elf Fire Elementalist began the quest for the Orb.
     0 | D:1      | Reached XP level 1. HP: 10/10 MP: 6/6
   375 | D:1      | Reached XP level 2. HP: 9/15 MP: 0/8
   379 | D:1      | Learned a level 2 spell: Throw Flame
   400 | D:1      | Found a glowing golden altar of the Shining One.
   821 | D:1      | Reached XP level 3. HP: 19/19 MP: 1/10
   826 | D:1      | Learned a level 3 spell: Conjure Flame
  1246 | D:2      | Noticed a scorpion
  1256 | D:2      | Killed a scorpion
  1256 | D:2      | Reached skill level 4 in Spellcasting
  1256 | D:2      | Reached XP level 4. HP: 6/24 MP: 1/12
  1883 | D:1      | Reached XP level 5. HP: 5/28 MP: 5/13
  2657 | D:2      | Learned a level 4 spell: Sticky Flame
  3632 | D:3      | Reached XP level 6. HP: 32/32 MP: 8/15
  3989 | D:4      | Found a sacrificial altar of Ru.
  4019 | D:4      | Reached skill level 5 in Spellcasting
  4107 | D:4      | Learned a level 5 spell: Fireball
  4114 | D:4      | Reached skill level 5 in Conjurations
  4499 | D:4      | Reached skill level 5 in Fire Magic
  4583 | D:4      | Reached XP level 7. HP: 36/36 MP: 14/17
  4755 | D:4      | Found an iron altar of Okawaru.
  5151 | D:5      | Entered Level 5 of the Dungeon
  5424 | D:5      | Reached skill level 6 in Spellcasting
  5536 | D:5      | Noticed Pikel
  5760 | D:5      | Got a creamy pearl robe
  5771 | D:5      | Identified the cursed +1 robe of Noof {Dex+5} (You found it on level 5 of the Dungeon)
  6091 | D:5      | Reached XP level 8. HP: 41/41 MP: 15/20
  6312 | D:5      | Killed Pikel
  6312 | D:5      | Reached skill level 7 in Spellcasting
  6802 | D:6      | Found Gyx Yss's Armour Shoppe.
  6854 | D:6      | Reached skill level 5 in Dodging
  6895 | D:6      | Noticed tidbits's ghost (amateur GnTm)
  7205 | D:6      | Bought a +0 pair of boots for 54 gold pieces
  7205 | D:6      | Bought a +0 pair of gloves for 54 gold pieces
  7205 | D:6      | Bought a +1 cloak of poison resistance for 162 gold pieces
  7801 | D:7      | Noticed Statics's ghost (novice OpTm)
  7808 | D:7      | Reached skill level 8 in Spellcasting
  7810 | D:7      | Killed Statics's ghost
  7810 | D:7      | Reached XP level 9. HP: 40/44 MP: 13/23
  7917 | D:7      | Found a staircase to the Ecumenical Temple.
  8027 | Temple   | Entered the Ecumenical Temple
  8042 | Temple   | Became a worshipper of Vehumet
  9096 | D:8      | Learned a level 3 spell: Inner Flame
  9181 | D:8      | Got a jewelled cloak
  9192 | D:8      | Identified the +1 cloak "Meghopn" {rC- rN+++ Int-5 Slay+6} (You found it on level 8 of the Dungeon)
  9219 | D:8      | Reached skill level 9 in Spellcasting
  9391 | D:8      | Found Ivoil's Incredible Inventory.
  9399 | D:8      | Bought a scroll of identify for 26 gold pieces
  9475 | D:8      | Noticed Psyche
  9481 | D:8      | Killed Psyche
  9587 | D:8      | Noticed Erica
  9594 | D:8      | Killed Erica
  9594 | D:8      | Reached XP level 10. HP: 29/49 MP: 11/25
  9597 | D:8      | Reached skill level 10 in Spellcasting
  9750 | D:8      | You fall through a shaft for 2 floors!
  9750 | D:10     | Entered Level 10 of the Dungeon
 10107 | D:10     | Noticed a two-headed ogre
 10118 | D:10     | Killed a two-headed ogre
 10269 | D:9      | Found Pokhlu's Gadget Emporium.
 10453 | D:9      | Found a staircase to the Orcish Mines.
 10758 | D:9      | Reached * piety under Vehumet
 10758 | D:9      | Offered knowledge of Magic Dart by Vehumet.
 11036 | D:8      | Noticed Maurice
 11059 | D:9      | Killed Maurice
 11059 | D:9      | Reached skill level 11 in Spellcasting
 11059 | D:9      | Reached skill level 10 in Conjurations
 11674 | D:9      | Learned a level 2 spell: Blink
 11705 | D:9      | Reached XP level 11. HP: 53/53 MP: 22/28
 12050 | D:8      | Noticed an eight-headed hydra
 12059 | D:8      | Slain by an eight-headed hydra

Vault maps used:
D:1:      ldierk_water_garden, tso_metal_star
D:4:      nicolae_overflow_hidden_temple, first_bread, corexii_hall_statues_l,
          grunt_decor_mini_mirrors, palyth_stone_intersect,
          nicolae_ru_path_of_blood
D:5:      uniq_pikel
D:6:      serial_shops, nicolae_shop_window_shopping
D:7:      minmay_temple_entry_water_ring
D:8:      hangedman_pestilent_swarm, nicolae_alphabet_shops, uniq_erica,
          uniq_maurice, uniq_psyche
D:9:      orc_0_dummy, serial_shops, shop_coins
D:10:     kennysheep_generic_room_14
Temple:   compressed_dpeg_triangle_lava_temple

Skill      XL: |  1  2  3  4  5  6  7  8  9 10 |
---------------+-------------------------------+-----
Conjurations   | 2 3 4 5 6 7 9 10 | 10.2
Spellcasting   | 4 5 6 8 9 11 | 11.3
Fire Magic     | 4 5 6 7 8 9 |  9.9
Dodging        | 3 6 7 9 |  9.4
Stealth        | |  2.4
Translocations | |  0.6

Action                   |  1- 3 |  4- 6 |  7- 9 | 10-12 || total
-------------------------+-------+-------+-------+-------++-------
Melee: Unarmed           |    21 |       |       |       ||    21
       Whip              |       |     1 |    44 |   128 ||   173
 Cast: Flame Tongue      |    37 |    78 |   157 |    64 ||   336
       Throw Flame       |    18 |    65 |    61 |    31 ||   175
       Conjure Flame     |       |     4 |     9 |     6 ||    19
       Sticky Flame      |       |     1 |    10 |    20 ||    31
       Fireball          |       |       |     3 |    10 ||    13
       Blink             |       |       |       |     1 ||     1
  Use: Scroll            |       |     4 |     7 |     1 ||    12
       Potion            |       |     2 |       |       ||     2
  Eat: Chunk             |     2 |    10 |     9 |     9 ||    30
       Royal jelly       |       |       |     1 |       ||     1
       Meat ration       |       |       |     1 |       ||     1
Armor: Robe              |     1 |     3 |    17 |    35 ||    56
Dodge: Dodged            |    16 |    28 |    59 |   144 ||   247

Table legend:
 A = Spawn XP
 B = Non-spawn XP
 C = Spawn XP percentage of total XP
 D = Spawn monster count
 E = Non-spawn monster count
 F = Spawn count percentage of total count
 G = Total turns spent on level
                    A         B        C        D         E        F      G
               +---------+---------+-------+---------+---------+-------+---------
         Total |       0 |   11199 |   0.0 |       0 |     205 |   0.0 | 12059
               +---------+---------+-------+---------+---------+-------+---------
           D:1 |       0 |     122 |   0.0 |       0 |      34 |   0.0 |  2439
           D:2 |       0 |     119 |   0.0 |       0 |      19 |   0.0 |   810
           D:3 |       0 |     191 |   0.0 |       0 |      34 |   0.0 |  1013
           D:4 |       0 |     422 |   0.0 |       0 |      19 |   0.0 |   971
           D:5 |       0 |    1279 |   0.0 |       0 |      18 |   0.0 |  1850
           D:6 |       0 |     353 |   0.0 |       0 |       7 |   0.0 |   718
           D:7 |       0 |    1177 |   0.0 |       0 |      18 |   0.0 |  1246
           D:8 |       0 |    2259 |   0.0 |       0 |      15 |   0.0 |   705
           D:9 |       0 |    3965 |   0.0 |       0 |      36 |   0.0 |  1769
          D:10 |       0 |    1312 |   0.0 |       0 |       5 |   0.0 |   505
               +---------+---------+-------+---------+---------+-------+---------
